 Dungeon Crawl Stone Soup version 0.31-a0-1469-gd420192249 (webtiles) character file.

Game seed: 12213965011264287884

616 BigPumpCobain the Ruffian (level 7, 0/59 HPs)
             Began as a Pale Draconian Shapeshifter on Dec 29, 2023.
             Slain by a wight
             ... wielding a +3 dire flail of freezing
              (7 damage)
             ... on level 5 of the Dungeon.
             The game lasted 00:03:55 (4452 turns).

BigPumpCobain the Ruffian (DrSh)                    Turns: 4452, Time: 00:03:56

Health: 0/59       AC:  6    Str: 19    XL:     7   Next: 21%
Magic:  7/7        EV: 12    Int: 10    God:
Gold:   167        SH:  0    Dex: 10    Spells: 6/6 levels left

rFire   . .          .
                       - Unarmed
rCold   . . .        (no shield)
rNeg    . . .        (body armour unavailable)
rPois   .            (helmet currently unavailable)
rElec   .            (cloak currently unavailable)
rCorr   .            (gloves currently unavailable)
SInv    .            (boots currently unavailable)
Will    .....        (no amulet)
Stlth   +            (no ring)
HPRegen 0.29/turn    (no ring)
MPRegen 0.10/turn

%: no passive effects
@: short of breath, beast-form, slowed, very slow
A: beast (slay +2), breathe steam, AC +6, unfitting armour, cold-blooded, steam
resistance
a: Breathe Steam, Begin Untransformation


You were on level 5 of the Dungeon.
You were a hulking beast.
You visited 1 branch of the dungeon, and saw 5 of its levels.
You also visited: Sewer.

You collected 167 gold pieces.

Inventory:

Jewellery
 d - a ring of fire
 j - a ring of fire
 l - a ring of magical power
 v - an amulet of faith
Talismans
 b - a beast talisman
 c - a flux talisman
Wands
 p - a wand of flame (11)
Scrolls
 a - a scroll of poison {unknown}
 g - a scroll of immolation {unknown}
 h - 3 scrolls of identify {unknown}
 k - a scroll of enchant weapon {unknown}
 m - a scroll of enchant armour {unknown}
 q - a scroll of silence {unknown}
 s - 2 scrolls of blinking {unknown}
 t - a scroll of teleportation {unknown}
Potions
 e - a potion of attraction {unknown}
 f - 5 potions of curing {unknown}
 i - 3 potions of cancellation {unknown}
 n - a potion of enlightenment {unknown}
 o - a potion of might {unknown}
 r - a potion of resistance {unknown}
 u - a potion of brilliance {unknown}
 w - a potion of heal wounds {unknown}


   Skills:
 + Level 4.2 Fighting
 - Level 1.7 Dodging
 * Level 6.3 Unarmed Combat
 + Level 4.6 Shapeshifting


You had 6 spell levels left.
You didn't know any spells.
Your spell library contained the following spells:

 Spells                   Type           Power      Damage    Failure   Level
 Ensorcelled Hibernation  Hex/Ice        0%         N/A       50%         2
 Dazzling Flash           Conj/Hex       0%         N/A       75%         3
 Passwall                 Erth           0%         N/A       75%         3
 Swiftness                Air            0%         N/A       75%         3
 Volatile Blastmotes      Fire/Tloc      0%         2d10      75%         3
 Vhi's Electric Charge    Tloc/Air       0%         N/A       98%         4
 Arcjolt                  Conj/Air       0%         1d10      100%        5
 Starburst                Conj/Fire      0%         6d3       100%        6
 Maxwell's Capacitive Co  Air            0%         ∞         100%        8


Dungeon Overview and Level Annotations

Branches:
Dungeon (5/15)              Sewer (visited)
 Temple: D:4-7

Altars:
Ashenzari
Elyvilon
Makhleb
Okawaru
Sif Muna
Trog
Yredelemnul
The Shining One


Innate Abilities, Weirdness & Mutations

You are a hulking beast.
Your limbs bulge with bestial killing power. (Slay +2)
You can breathe blasts of scalding, opaque steam.
Your pale cyan-grey scales are hard. (AC +6)
You cannot fit into any form of body armour.
You are cold-blooded and may be slowed by cold attacks.
You are immune to the effects of steam.


Message History

The wight is heavily damaged.
You hit the wight.
The wight is severely damaged.
The wight hits you with a +0 flail!
You hit the wight.
The wight is moderately damaged.
You punch the wight!
You tail-slap the wight, but do no damage.
The wight is severely damaged.
The wight hits you with a +3 dire flail of freezing!
The wight freezes you. The wight closely misses you.
You hit the wight.
You destroy the wight!
The wight hits you with a +3 dire flail of freezing!
You feel drained.
* * * LOW HITPOINT WARNING * * *
The wight freezes you.
* * * LOW HITPOINT WARNING * * *
The wight hits you with a +0 flail.
* * * LOW HITPOINT WARNING * * *
Your life force feels restored.
You are too injured to fight recklessly!
You are too injured to fight recklessly!
You are too injured to fight recklessly!
You are too injured to fight recklessly!
You are too injured to fight recklessly!
You are too injured to fight recklessly!
You are too injured to fight recklessly!
You are too injured to fight recklessly!
Okay, then.
Aiming: Breathe Steam (1% risk of failure)
Press: ? - help, Shift-Dir - straight line You exhale a blast of scalding steam.
The wight hits you with a +3 dire flail of freezing.
* * * LOW HITPOINT WARNING * * *
You feel yourself slow down. The wight freezes you.
* * * LOW HITPOINT WARNING * * *
The wight completely misses you.
The wight hits you with a +3 dire flail of freezing!
You die...

#. .. ###+##.# .#
#....#.##.# ..
#.>.......###### ..##
#[.............# ...
#..............# #
#.##..............# #.
#..........h).....#
...#...........z.....#
#.......##...z§.....#
#.##..#.##.....§....#
#.......##......§...#
#####....##.#########
#.#.....# #.##..#.#
..#..<#.#


You could see 2 wights.

Vanquished Creatures
  A black bear (D:4)
  A scorpion (D:4)
  A wight (D:5)
  2 bombardier beetles
  An iguana (D:4)
  Terence (D:3)
  Natasha (thrice) (D:3)
  A hell rat (Sewer)
  Robin (D:3)
  3 gnolls (D:4)
  5 adders
  A river rat (Sewer)
  A worm (D:2)
  4 dart slugs
  3 orcs (D:4)
  5 bats
  12 endoplasms
  7 giant cockroaches
  14 goblins
  13 hobgoblins
  4 kobolds
  2 quokkas (D:2)
  3 ball pythons
  4 frilled lizards
  8 rats
101 creatures vanquished.

Notes
Turn   | Place    | Note
-------+----------+-------------------------------------------
     0 | D:1      | BigPumpCobain the Draconian Shapeshifter began the quest
                  | for the Orb.
     0 | D:1      | Reached XP level 1. HP: 16/16 MP: 1/1
   121 | D:1      | Reached XP level 2. HP: 23/23 MP: 2/2
   914 | D:2      | Reached XP level 3. HP: 29/29 MP: 3/3
  1271 | D:2      | Reached skill level 4 in Unarmed Combat
  1504 | D:2      | Reached XP level 4. HP: 35/36 MP: 4/4
  1760 | D:3      | Noticed Natasha
  1767 | D:3      | Killed Natasha
  1830 | D:3      | Noticed Natasha
  1835 | D:3      | Killed Natasha
  1853 | D:3      | Found a shimmering blue altar of Sif Muna.
  1856 | D:3      | Found a glowing golden altar of the Shining One.
  1861 | D:3      | Found a broken altar of Ashenzari.
  1864 | D:3      | Found an iron altar of Okawaru.
  1948 | D:3      | Found a bloodstained altar of Trog.
  1954 | D:3      | Found a glowing drain.
  1974 | D:3      | Reached XP level 5. HP: 22/44 MP: 5/5
  2063 | Sewer    | Entered a sewer
  2322 | D:3      | Noticed Terence
  2346 | D:3      | Killed Terence
  2347 | D:3      | Reached skill level 5 in Unarmed Combat
  2491 | D:3      | Found a burning altar of Makhleb.
  2491 | D:3      | Noticed a cacodemon
  2504 | D:3      | Noticed Robin
  2520 | D:3      | Killed Robin
  2533 | D:3      | Noticed Natasha
  2681 | D:3      | Reached XP level 6. HP: 51/51 MP: 6/6
  2739 | D:3      | Killed Natasha
  3622 | D:4      | Found a white marble altar of Elyvilon.
  3751 | D:4      | Found a basalt altar of Yredelemnul.
  4092 | D:4      | Reached skill level 6 in Unarmed Combat
  4092 | D:4      | Your scales start taking on a pale cyan-grey colour.
  4092 | D:4      | Reached XP level 7. HP: 52/59 MP: 7/7
  4092 | D:4      | Gained mutation: You are immune to the effects of steam.
                  | [Pale Draconian growth]
  4431 | D:5      | Entered Level 5 of the Dungeon
  4452 | D:5      | Slain by a wight

Illustrated notes

Levels and vault maps discovered:
D:1:      elethiomel_arrival_fortress_basement, layout_basic, serial_aquarium,
          aquarium_bridge_island_small [aquarium_subvault_small_water,
          aquarium_subvault_bridge, aquarium_subvault_bridge,
          aquarium_subvault_wall, aquarium_subvault_window],
          aquarium_window_corner, aquarium_window_corridor_2, aquarium_window_1,
          aquarium_view_2b
D:2:      layout_loops_cross, dreamdust_wishing_well, chequers_garden
D:3:      layout_basic, bloody_trog, makhleb_altar_promises_db,
          nicolae_overflow_macrodata_refinement, gup_sewer_entry_glass,
          st_stairs_3, uniq_natasha, uniq_robin, uniq_terence
D:4:      layout_layer_cave, kennysheep_ying_yang
D:5:      layout_basic, overflow_temple_1_default, grunt_gozag_breadcrumbs,
          nicolae_wu_jian_immortal_techniques, serial_shops, shop

Skill      XL: |  1  2  3  4  5  6 |
---------------+-------------------+-----
Fighting       | 2 3 4 |  4.2
Unarmed Combat | 4 5 6 |  6.3
Shapeshifting  | 4 |  4.6
Dodging        | |  1.7

Action                     |  1- 3 |  4- 6 |  7- 9 || total
---------------------------+-------+-------+-------++-------
  Melee: Unarmed           |    96 |   178 |     5 ||   279
         Tailslap          |    12 |    25 |     1 ||    38
         Punch             |     1 |     6 |       ||     7
Ability: Breathe Steam     |       |       |     1 ||     1
    Use: Potion            |       |     1 |       ||     1
 Armour: Skin              |    41 |   138 |     6 ||   185
  Dodge: Dodged            |    50 |    98 |     4 ||   152

Table legend: (Time is in decaauts)
 A = Elapsed time spent in this place.
 B = Non-inter-level travel time spent in this place.
 C = Inter-level travel time spent in this place.
 D = Time resting spent in this place.
 E = Time spent auto-exploring this place.
 F = Levels seen in this place.
 G = Mean time per level.
                   A        B        C        D        E       F      G
               +--------+--------+--------+--------+--------+-----+--------+
         Total |   4457 |   4261 |    196 |    159 |   3492 |   6 |  742.8 |
       Dungeon |   4279 |   4083 |    196 |    159 |   3383 |   5 |  855.8 |
         Sewer |    178 |    178 |      0 |      0 |    109 |   1 |  178.0 |
               +--------+--------+--------+--------+--------+-----+--------+

Top non-repeatable levels by time:
     D:4: 1426 daAuts
     D:3: 1171 daAuts
     D:1: 906 daAuts
     D:2: 755 daAuts
   Sewer: 178 daAuts
     D:5: 20 daAuts
